 Dungeon Sprint DCSS version 0.24.1-14-gf8d2b509d9 (webtiles) character file.

Game seed: 15943475684024540818, levelgen mode: deterministic

15894 Chiseanne the Spry (level 12, -13/53 HPs)
             Began as a Spriggan Assassin on June 2, 2020.
             Was a High Priest of Fedhas.
             Killed from afar by a fire giant (44 damage)
             ... with a fireball
             ... in the Dungeon (Sprint I: "Red Sonja").
             The game lasted 00:23:50 (2152 turns).

Chiseanne the Spry (Spriggan Assassin)              Turns: 2152, Time: 00:23:50

Health: -13/53     AC:  8    Str:  7    XL:     12   Next: 5%
Magic:  5/22       EV: 34    Int: 14    God:    Fedhas [*****.]
Gold:   267        SH:  9    Dex: 21    Spells: 11/11 levels left

rFire    . . .     SeeInvis +   a - +5 dagger (venom)
rCold    . . .     Gourm    .   b - +1 buckler of the Five Curses {rElec}
rNeg     . . .     Faith    .   p - +2 troll leather armour
rPois    +         Spirit   .   (helmet restricted)
rElec    +         Reflect  .   c - +0 cloak
rCorr    .         Harm     .   (gloves unavailable)
MR       ++...     NoTele   +   (boots unavailable)
Stlth    +++++++...             (no amulet)
HPRegen  0.00/turn              (no ring)
MPRegen  0.18/turn              (no ring)

@: very quick
A: very small, unfitting armour, talons 1, see invisible, herbivore, speed 3,
low mp 1, poison resistance, inhibited regeneration, slow metabolism 2,
evolution 1
a: Wall of Briars, Grow Ballistomycete, Overgrow, Grow Oklob, Renounce Religion


You were in the Dungeon.
You worshipped Fedhas.
Fedhas was extremely pleased with you.
You were not hungry.

You visited 1 branch You collected 1939 gold pieces.
You spent 1672 gold pieces at shops.

Inventory:

Hand Weapons
 a - a +5 dagger of venom (weapon)
 s - a +2 long sword of holy wrath
Missiles
 d - 5 poisoned darts (quivered)
 e - 9 curare-tipped darts
 m - 28 arrows
 r - 13 sling bullets
Armour
 b - the +1 buckler of the Five Curses (worn) {rElec}
   (You bought it in a shop in the Dungeon)

   It insulates you from electricity.
 c - a +0 cloak (worn)
 p - a +2 troll leather armour (worn)
Jewellery
 A - an uncursed ring of wizardry {unknown}
Wands
 k - a wand of disintegration (18)
 n - a wand of flame (10)
 y - a wand of digging (5)
Scrolls
 l - a scroll of blinking
 q - 2 scrolls of identify
 v - a scroll of immolation
 z - a scroll of fog
Potions
 g - 5 potions of curing
 h - a potion of flight
 i - a potion of haste
 j - 2 potions of magic
 t - a potion of invisibility
 u - a potion of lignification
 w - 2 potions of resistance
 x - a potion of mutation
 B - 2 potions of agility
Miscellaneous
 o - a phantom mirror
Comestibles
 f - 2 rations


   Skills:
 - Level 1.5 Fighting
 - Level 9.7 Short Blades
 - Level 13.1 Throwing
 * Level 6.1 Armour
 * Level 18.9 Dodging
 - Level 18.0 Stealth
 * Level 6.1 Shields
 - Level 15.3 Invocations


You had 11 spell levels left.
You didn't know any spells.
Your spell library was empty.

Dungeon Overview and Level Annotations

Branches:
Dungeon (1/1)

Altars:
Cheibriados
Dithmenos
Elyvilon
Fedhas
Gozag
Hepliaklqana
Kikubaaqudgha
Makhleb
Nemelex Xobeh
Okawaru
Qazlal
Ru
Sif Muna
Trog
Uskayaw
Vehumet
Wu Jian
Xom
Yredelemnul
Zin
The Shining One
Jiyva
Lugonu

Shops:
D }*=!![[(?(:**!??![[[*

Annotations:
D exclusion: 2 doors


Innate Abilities, Weirdness & Mutations

You are very small and have problems with some larger weapons.
You are too small for most types of armour.
You have supernaturally acute eyesight. (SInv)
You are a herbivore.
You cover ground extremely quickly.
You need to consume almost no food.
You have sharp toenails.
Your magical capacity is low. (-10% MP)
Your system is resistant to poisons. (rPois)
You do not regenerate when monsters are visible.
You evolve.


Message History

The fire giant appears confused.
Your burning bush throws fire at the fire giant.
The puff of flame hits the fire giant.
The fire giant resists.
The fire giant hits your briar patch with a +2 great sword of flaming.
The fire giant burns your briar patch.
Something hits your wandering mushroom!!
Something burns your wandering mushroom!
Your burning bush throws fire at the fire giant.
The puff of flame hits the fire giant.
The fire giant resists.
The fire giant is struck by your briar patch's thorns.
The fire giant hits your briar patch with a +2 great sword of flaming!!!
The fire giant burns your briar patch!
Your briar patch is destroyed!
Your burning bush throws fire at the fire giant.
The puff of flame hits the fire giant.
The fire giant resists.
The fire giant casts a spell at you.
The fireball explodes!
The fireball engulfs you!!!
Ouch! That really hurt!
You die...
Fedhas appreciates your contribution to the ecosystem.

##.###§#.^##*,,**#..#f###,,≈*,,,,
.'.∩##.#^.###*$$###..f#,≈,,**,,,,
######.##'#$$#$$#$###.#,≈,,*,,,,,
....##§##.#$$$$○$$,,#f#**,,*,,,,,
.....§.####$$$$○$,,,#.#,+,,**,,,,
######.#$:P$$$$$,####'#,**'**,,,,
...§§#§##PPP$$$###.f..#,*≈≈≈**,,,
....#§.#(((.fP##.ff####,*≈≈≈≈**,,
...≈####/.PPP)..@###,,,,*≈≈≈≈≈***
..≈≈##[?(..C.#####,,,,****≈≈≈≈*≈≈
≈≈≈###?%..PP##,,,,,,,,*,,*'≈≈≈'≈≈
≈### #?....##,,,,,,,,,*,,,**≈≈*≈≈
#'####$$$$$#,,,,,,,,,,*,,,,******
##∩∩########****,,,,,,*,,,,*≈≈≈≈≈
∩∩∩###≈≈≈≈≈≈≈≈,*,,,,,,*******≈≈≈≈
#### ########***,,,,,,+,,*,,',,,≈
#..0..+,,,,,,,,,,*,,',,*,,,,


You could see a fire giant, 4 friendly wandering mushrooms, 2 friendly burning
bushes, a friendly ballistomycete and a friendly oklob sapling.

Vanquished Creatures
  2 fire giants (D)
  A lorocyproca (D)
  2 centaur warriors (D)
  Sonja (D)
  3 unseen horrors (D)
  A deep troll (D)
  A lindwurm (D)
  3 shining eyes (D)
  A gargoyle (D)
  2 demonic crawlers (D)
  A slime creature (D)
  A hornet (D)
  Sigmund (D)
  2 redbacks (D)
  A yak (D)
  6 hogs (D)
  2 floating eyes (D)
  2 necrophages (D)
  An ogre (D)
  8 jellies (D)
  Ijyb (D)
43 creatures vanquished.

Vanquished Creatures (collateral kills)
  A daeva (D)
  A hydra (D)
  4 unseen horrors (D)
  5 shining eyes (D)
  2 kobold demonologists (D)
  2 demonic crawlers (D)
  7 hogs (D)
  5 floating eyes (D)
  5 necrophages (D)
32 creatures vanquished.

Vanquished Creatures (others)
  A gargoyle (D)
1 creature vanquished.

Grand Total: 76 creatures vanquished

Notes
Turn   | Place    | Note
-------+----------+-------------------------------------------
     0 | D        | Chiseanne the Spriggan Assassin began the quest for the
                  | Orb.
     0 | D        | Reached XP level 1. HP: 10/10 MP: 2/2
     1 | D        | Noticed Ijyb
     4 | D        | Killed Ijyb
     4 | D        | Reached skill level 5 in Dodging
     4 | D        | Reached XP level 2. HP: 14/14 MP: 3/3
    10 | D        | Noticed an ogre
    28 | D        | Killed an ogre
    28 | D        | Reached skill level 10 in Stealth
    28 | D        | Reached XP level 3. HP: 18/18 MP: 4/4
    28 | D        | Reached XP level 4. HP: 22/22 MP: 5/5
    46 | D        | Noticed Sigmund
    49 | D        | Killed Sigmund
    49 | D        | Reached XP level 5. HP: 25/25 MP: 6/6
    49 | D        | Reached XP level 6. HP: 30/30 MP: 7/7
    62 | D        | Found a shimmering blue altar of Sif Muna.
    63 | D        | Found an ornate altar of the Wu Jian Council.
    64 | D        | Found a radiant altar of Vehumet.
   263 | D        | Found Taisk's Distillery.
   263 | D        | Found an ancient bone altar of Kikubaaqudgha.
   263 | D        | Found a hazy altar of Hepliaklqana.
   263 | D        | Found a hide-covered altar of Uskayaw.
   263 | D        | Found a basalt altar of Yredelemnul.
   263 | D        | Found an opulent altar of Gozag.
   263 | D        | Found a snail-covered altar of Cheibriados.
   263 | D        | Found a sacrificial altar of Ru.
   263 | D        | Found a shadowy altar of Dithmenos.
   263 | D        | Noticed a yak
   285 | D        | Killed a yak
   286 | D        | Found a stormy altar of Qazlal.
   286 | D        | Found a blossoming altar of Fedhas.
   286 | D        | Found a bloodstained altar of Trog.
   286 | D        | Found an iron altar of Okawaru.
   286 | D        | Found a glowing golden altar of the Shining One.
   286 | D        | Found a glowing silver altar of Zin.
   286 | D        | Found a white marble altar of Elyvilon.
   288 | D        | Found a sparkling altar of Nemelex Xobeh.
   291 | D        | Became a worshipper of Fedhas Madash
   314 | D        | Noticed Sonja
   318 | D        | Killed Sonja
   318 | D        | Reached XP level 7. HP: 33/33 MP: 8/8
   318 | D        | Reached XP level 8. HP: 37/37 MP: 9/9
   334 | D        | Found Hiulyeg's Gadget Boutique.
   354 | D        | Noticed a deep troll
   372 | D        | Killed a deep troll
   403 | D        | Found Pipaefu's Armour Emporium.
   410 | D        | Bought the +1 buckler of the Five Curses {rElec} for 329
                  | gold pieces
   600 | D        | Found a viscous altar of Jiyva.
   600 | D        | Found a corrupted altar of Lugonu.
   600 | D        | Noticed a slime creature
   601 | D        | Found a burning altar of Makhleb.
   601 | D        | Found a shimmering altar of Xom.
   650 | D        | Killed a slime creature
   650 | D        | Reached * piety under Fedhas
   714 | D        | Bought a potion of degeneration for 13 gold pieces
   717 | D        | Bought 2 potions of flight for 78 gold pieces
   717 | D        | Bought a potion of heal wounds for 65 gold pieces
   717 | D        | Bought a potion of lignification for 39 gold pieces
   717 | D        | Bought a potion of agility for 52 gold pieces
   717 | D        | Bought a potion of haste for 130 gold pieces
   744 | D        | Noticed a centaur warrior
   745 | D        | Noticed a centaur warrior
   748 | D        | Killed a centaur warrior
   748 | D        | Reached XP level 9. HP: 41/41 MP: 10/10
   749 | D        | Killed a centaur warrior
   763 | D        | Reached ** piety under Fedhas
   773 | D        | Noticed an oklob plant
   800 | D        | Reached *** piety under Fedhas
   834 | D        | Reached **** piety under Fedhas
   898 | D        | Reached XP level 10. HP: 33/46 MP: 12/12
   951 | D        | Reached ***** piety under Fedhas
   953 | D        | Noticed an unseen horror
   953 | D        | Noticed an unseen horror
   959 | D        | Killed an unseen horror
   961 | D        | Killed an unseen horror
   983 | D        | Found Wufit's Armour Boutique.
   984 | D        | Found Huabor's Armour Emporium.
  1002 | D        | Found Ofaghor's General Store.
  1097 | D        | Found Wuen's Distillery.
  1097 | D        | Found Behuschor's Magic Scroll Shoppe.
  1097 | D        | Found Pothihor's Magic Scroll Shop.
  1097 | D        | Found Dethriho's Distillery.
  1097 | D        | Found Ciupeidd's General Store.
  1097 | D        | Found Duqerph's General Store.
  1097 | D        | Found Igrutraf's Book Shop.
  1099 | D        | Bought a scroll of enchant weapon for 75 gold pieces
  1099 | D        | Bought a cursed ring of attention for 45 gold pieces
  1099 | D        | Bought a scroll of immolation for 35 gold pieces
  1101 | D        | Found Rolun's Weapon Emporium.
  1102 | D        | Bought a potion of invisibility for 112 gold pieces
  1102 | D        | Bought 2 potions of resistance for 280 gold pieces
  1102 | D        | Bought a potion of mutation for 112 gold pieces
  1102 | D        | Bought a potion of heal wounds for 70 gold pieces
  1102 | D        | Bought a potion of curing for 42 gold pieces
  1102 | D        | Found Jazauj's Magic Scroll Boutique.
  1102 | D        | Found Zizonam's Weapon Shoppe.
  1103 | D        | Found Difona's Antique Armour Shop.
  1156 | D        | Noticed a shining eye
  1156 | D        | Noticed a shining eye
  1156 | D        | Noticed a shining eye
  1157 | D        | Noticed a shining eye
  1157 | D        | Noticed a shining eye
  1157 | D        | Noticed a shining eye
  1158 | D        | Noticed a shining eye
  1158 | D        | Noticed a shining eye
  1174 | D        | Paralysed by a floating eye for 4 turns
  1176 | D        | Killed a shining eye
  1183 | D        | Killed a shining eye
  1183 | D        | Reached skill level 10 in Invocations
  1184 | D        | Gained mutation: You evolve. [a shining eye]
  1186 | D        | Killed a shining eye
  1189 | D        | Gained mutation: Your magical capacity is low. (-10% MP) [a
                  | shining eye]
  1193 | D        | Gained mutation: You have sharp toenails. [a shining eye]
  1199 | D        | Gained mutation: Your system is resistant to poisons.
                  | (rPois) [a shining eye]
  1209 | D        | Killed a shining eye
  1211 | D        | Killed a shining eye
  1211 | D        | Killed a shining eye
  1212 | D        | Killed a shining eye
  1215 | D        | Reached ****** piety under Fedhas
  1231 | D        | Gained mutation: You tend to lose your temper in combat. [a
                  | shining eye]
  1234 | D        | Lost mutation: You tend to lose your temper in combat. [a
                  | shining eye]
  1246 | D        | Gained mutation: You do not regenerate when monsters are
                  | visible. [a shining eye]
  1246 | D        | Killed a shining eye
  1258 | D        | Found Isaobimp's General Store.
  1258 | D        | Found Jeaphae's Distillery.
  1258 | D        | Found Dukawk's Jewellery Emporium.
  1258 | D        | Found Qyaroxt's Armour Boutique.
  1338 | D        | Bought a scroll of magic mapping for 42 gold pieces
  1391 | D        | Bought a scroll of identify for 20 gold pieces
  1429 | D        | Reached XP level 11. HP: 49/49 MP: 11/19
  1523 | D        | Noticed a lorocyproca
  1603 | D        | Killed a lorocyproca
  1713 | D        | Noticed a lindwurm
  1716 | D        | Killed a lindwurm
  1716 | D        | Reached skill level 15 in Invocations
  1754 | D        | Bought a scroll of fog for 28 gold pieces
  1754 | D        | Bought a scroll of enchant weapon for 105 gold pieces
  1848 | D        | Reached skill level 1 in Armour
  1848 | D        | Reached skill level 1 in Shields
  1951 | D        | Noticed a 12-headed hydra
  1956 | D        | Noticed a daeva
  1962 | D        | Killed a 12-headed hydra
  2007 | D        | Killed a daeva
  2031 | D        | Noticed an unseen horror
  2031 | D        | Noticed an unseen horror
  2031 | D        | Noticed an unseen horror
  2031 | D        | Noticed an unseen horror
  2031 | D        | Noticed an unseen horror
  2033 | D        | Killed an unseen horror
  2037 | D        | Killed an unseen horror
  2041 | D        | Killed an unseen horror
  2046 | D        | Killed an unseen horror
  2054 | D        | Killed an unseen horror
  2060 | D        | Maedhros: xD
  2060 | D        | Chiseanne: xD
  2060 | D        | Maedhros: having fun as i see
  2060 | D        | Chiseanne: so much fun!
  2060 | D        | Maedhros: u can kill walls easily
  2060 | D        | Chiseanne: yes, thank you for that inspiration!
  2060 | D        | Maedhros: u can win sprint pretty fast
  2060 | D        | Maedhros: thanks to it
  2060 | D        | Chiseanne: yes, thats the best
  2119 | D        | Noticed a fire giant
  2122 | D        | Noticed a fire giant
  2123 | D        | Noticed a fire giant
  2124 | D        | Noticed a fire giant
  2126 | D        | Killed a fire giant
  2126 | D        | Reached skill level 5 in Armour
  2126 | D        | Reached skill level 5 in Shields
  2130 | D        | Killed a fire giant
  2130 | D        | Reached XP level 12. HP: 53/53 MP: 22/22
  2152 | D        | Killed from afar by a fire giant

Levels and vault maps discovered:
D:        dungeon_sprint_1 [red_sonja_temple_1, red_sonja_temple_small_1]

Skill      XL: |  1  2  3  4  5  6  7  8  9 10 11 |
---------------+----------------------------------+-----
Short Blades   | 3 4 6 8 9 |  9.7
Dodging        | 5 8 11 14 16 18 | 18.9
Stealth        | 8 10 13 16 18 | 18.0
Throwing       | 9 13 | 13.1
Invocations    | 2 13 15 | 15.3
Armour         | 6 |  6.1
Shields        | 6 |  6.1
Fighting       | |  1.5

Action                   |  1- 3 |  4- 6 |  7- 9 | 10-12 || total
-------------------------+-------+-------+-------+-------++-------
Melee: Dagger            |     7 |    25 |    75 |    76 ||   183
       Kick              |       |       |       |    20 ||    20
Throw: Dart              |     1 |     2 |    17 |       ||    20
Invok: Overgrow          |       |       |       |    11 ||    11
       Wall of Briars    |       |       |       |     3 ||     3
       Grow Oklob        |       |       |       |     1 ||     1
  Use: Potion            |       |       |     6 |     2 ||     8
       Scroll            |       |       |     4 |     5 ||     9
 Stab: Sleeping          |     1 |     2 |     9 |     9 ||    21
       Distracted        |       |       |     1 |     4 ||     5
       Confused          |       |       |       |     1 ||     1
  Eat: Ration            |       |       |       |     2 ||     2
Armor: Robe              |       |     1 |     1 |       ||     2
       Troll leather arm |       |       |     3 |     3 ||     6
Dodge: Dodged            |     5 |    11 |    30 |    66 ||   112
Block: Buckler           |       |       |     7 |    15 ||    22
